 Dungeon Crawl Stone Soup version 0.27.1-35-g4d5d836560 (webtiles) character file.

Game seed: 14517547828029432574

154196 tevior the Gelid (level 17, -9/135 HPs)
             Began as a Merfolk Ice Elementalist on Mar 30, 2022.
             Was the Champion of Qazlal.
             Mangled by a salamander (14 damage)
             ... on level 4 of the Snake Pit.
             The game lasted 01:52:33 (15311 turns).

tevior the Gelid (Merfolk Ice Elementalist)        Turns: 15311, Time: 01:52:34

Health: -9/135     AC: 17    Str: 14    XL:     17   Next: 62%
Magic:  29/31      EV: 20    Int: 20    God:    Qazlal [******]
Gold:   1631       SH:  8    Dex: 18    Spells: 2/36 levels left

rFire    . . .     SeeInvis .   q - +8 glaive of the Guard {elec, spectral, AC+5}
rCold    + . .     Faith    .   (shield currently unavailable)
rNeg     . . .     Spirit   .   I - +2 robe {Will+}
rPois    +         Reflect  .   (no helmet)
rElec    +         Harm     .   G - +2 cloak
rCorr    .         Rampage  .   H - +2 pair of gloves
Will     ++...                  h - +1 pair of boots
Stlth    +.........             i - amulet of Past Mistakes {Regen+ Int+4 Dex+2}
HPRegen  1.32/turn              J - ring "Arianosh" {rPois Str+4}
MPRegen  0.22/turn              M - ring "Asainita" {Ice rElec rPois Int-2 Slay+5}

@: protected from fire, freezing walls, hasted, studying 2 skills, repel
missiles, very quick
A: (nimble swimmer 2), mertail
a: Renounce Religion, Upheaval, Elemental Force, Disaster Area


You were on level 4 of the Snake Pit.
You worshipped Qazlal.
Qazlal was exalted by your worship.
You visited 5 branches of the dungeon, and saw 23 of its levels.
You also visited: Bailey.

You collected 1896 gold pieces.
You spent 265 gold pieces at shops.

Inventory:

Hand Weapons
 e - a +0 shortbow of flaming
 q - the +8 glaive of the Guard (weapon) {elec, spectral, AC+5}
   (You found it on level 4 of the Dungeon)

   It occasionally discharges a powerful burst of electricity upon striking a
   foe.
   When it strikes, its spirit leaps out and fights alongside the wielder.
   AC:        It affects your AC (+5).
 F - a +1 shortbow
Armour
 h - a +1 pair of boots (worn)
 x - the +3 ring mail "Oseecw" {Regen+}
   (You found it on level 4 of the Dungeon)

   Regen:     It increases your rate of health regeneration.
 G - a +2 cloak (worn)
 H - a +2 pair of gloves (worn)
 I - a +2 robe of willpower (worn)
 V - a +3 troll leather armour {Snorg}
Jewellery
 c - a ring of resist corrosion
 i - the amulet of Past Mistakes (around neck) {Regen+ Int+4 Dex+2}
   (You acquired it on level 2 of the Dungeon)

   [amulet of regeneration]

   Int:       It affects your intelligence (+4).
   Dex:       It affects your dexterity (+2).
   Regen:     It increases your rate of health regeneration.
 j - a +4 ring of protection
 l - a ring of see invisible
 n - an amulet of magic regeneration
 t - the ring "Voipsit" {Contam +Blink rC+ Str-5 Slay+5}
   (You took it off a naga ritualist on level 3 of the Snake Pit)

   [ring of protection from cold]

   Str:       It affects your strength (-5).
   Slay:      It affects your accuracy & damage with ranged weapons and melee
   (+5).
   rC:        It protects you from cold.
   +Blink:    It lets you blink.
   Contam:    It causes magical contamination when unequipped.
 J - the ring "Arianosh" (left hand) {rPois Str+4}
   (You found it on level 3 of the Snake Pit)

   [ring of poison resistance]

   Str:       It affects your strength (+4).
   rPois:     It protects you from poison.
 M - the ring "Asainita" (right hand) {Ice rElec rPois Int-2 Slay+5}
   (You acquired it in a bailey)

   [ring of ice]

   It enhances your ice magic.
   Int:       It affects your intelligence (-2).
   Slay:      It affects your accuracy & damage with ranged weapons and melee
   (+5).
   rF:        It makes you vulnerable to fire.
   rC:        It protects you from cold.
   rElec:     It insulates you from electricity.
   rPois:     It protects you from poison.
 R - the amulet of the Air {Inacc Air Fly rElec RMsl}
   (You took it off a naga ritualist on level 3 of the Snake Pit)

   [amulet of nothing]

   It reduces the accuracy of all your attacks.
   It enhances your air magic.
   rElec:     It insulates you from electricity.
   Fly:       It grants you flight.
   RMsl:      It protects you from missiles.
 X - an amulet of guardian spirit
 Y - a ring of flight
Wands
 b - a wand of charming (6)
 o - a wand of flame (45)
 y - a wand of acid (3)
 B - a wand of polymorph (9)
 D - a wand of iceblast (23)
 Q - a wand of digging (12)
 W - a wand of mindburst (10)
Scrolls
 a - a scroll of magic mapping
 f - a scroll of holy word
 m - a scroll of identify
 r - 7 scrolls of teleportation
 s - a scroll of noise {unknown}
 N - 5 scrolls of enchant weapon
 P - 4 scrolls of summoning
 S - a scroll of blinking
 T - 2 scrolls of fog
 U - 3 scrolls of fear
Potions
 d - 4 potions of invisibility
 g - 4 potions of cancellation
 k - 7 potions of curing
 p - 2 potions of berserk rage
 u - 4 potions of might
 w - 2 potions of ambrosia
 z - 3 potions of heal wounds
 A - 6 potions of brilliance
 C - 3 potions of resistance
 E - 3 potions of magic
 L - 2 potions of haste
Miscellaneous
 v - a condenser vane
 K - a lightning rod (4/4)
 Z - a piece from Xom's chessboard (15/15)


   Skills:
 - Level 12.9 Fighting
 - Level 1.0 Short Blades
 - Level 15.0(15.8) Polearms
 - Level 5.0(7.9) Staves
 - Level 0.4 Throwing
 - Level 12.2 Dodging
 - Level 2.1 Stealth
 - Level 10.1 Spellcasting
 - Level 8.2 Conjurations
 + Level 15.3 Ice Magic
 - Level 5.4 Air Magic
 - Level 14.3 Invocations


You had 2 spell levels left.
You knew the following spells:

 Your Spells              Type           Power      Damage    Failure   Level
a - Freeze                Ice            100%       1d11      0%          1
b - Ozocubu's Armour      Ice            82%        N/A       1%          3
c - Frozen Ramparts       Ice            100%       1d12      1%          3
d - Ensorcelled Hibernat  Hex/Ice        100%       N/A       1%          2
e - Hailstorm             Conj/Ice       72%        3d15      1%          4
f - Freezing Cloud        Conj/Ice/Air   32%        6-21      3%          5
g - Polar Vortex          Ice            41%        N/A       100%        9
h - Teleport Other        Tloc           10%        N/A       21%         3
i - Summon Ice Beast      Ice/Summ       57%        N/A       3%          4

Your spell library contained the following spells:

 Spells                   Type           Power      Damage    Failure   Level
 Corpse Rot               Necr/Air       N/A        N/A       3%          2
 Poisonous Vapours        Pois/Air       42%        N/A       3%          2
 Corona                   Hex            11%        N/A       7%          1
 Sandblast                Erth           20%        2d7       7%          1
 Summon Small Mammal      Summ           40%        N/A       7%          1
 Conjure Flame            Conj/Fire      26%        6-21      3%          3
 Ice Form                 Ice/Tmut       57%        N/A       3%          4
 Sticky Flame             Conj/Fire      26%        2d5       13%         4
 Call Canine Familiar     Summ           10%        N/A       21%         3
 Gell's Gravitas          Tloc           5%         N/A       21%         3
 Ignite Poison            Fire/Tmut/Pois 10%        N/A       21%         3
 Lesser Beckoning         Tloc           5%         N/A       21%         3
 Summon Guardian Golem    Hex/Summ       10%        N/A       21%         3
 Tukima's Dance           Hex            10%        N/A       21%         3
 Simulacrum               Ice/Necr       28%        N/A       41%         6
 Bolt of Magma            Conj/Fire/Erth 10%        4d7       52%         5
 Animate Armour           Summ/Erth      20%        N/A       56%         4
 Animate Dead             Necr           5%         N/A       56%         4
 Haunt                    Necr/Summ      5%         N/A       100%        7
 Infestation              Necr           5%         N/A       100%        8


Dungeon Overview and Level Annotations

Branches:
Dungeon (14/15)            Temple (0/1) D:5            Lair (2/6) D:8
  Snake (4/4) Lair:2          Orc (2/2) D:10            Elf (1/3) Orc:2
 Vaults (0/5) D:13         Bailey (visited)
  Swamp: Lair:2-4    Shoals: Lair:2-4

Altars:
Cheibriados
Dithmenos
Elyvilon
Gozag
Hepliaklqana
Kikubaaqudgha
Okawaru
Qazlal
Sif Muna
Trog
Vehumet
Xom
Beogh

Shops:
Orc:1 !   Orc:2 ?*([   Snake:1 ?   Snake:2 *

Annotations:
D:7 3 runed translucent doors, alasdair19's ghost, novice MiFi


Innate Abilities, Weirdness & Mutations

((You are quick and stealthy near water. (Stealth+, EV+, Speed+++)))
Your lower body shifts to a powerful aquatic tail in water.


Message History

Your +8 glaive of the Guard {elec, spectral, AC+5} barely misses the naga warrior.
A salamander comes into view. It is wielding a +0 halberd.
The wall freezes the naga warrior.
The naga warrior misses you.
Reach: q) +8 glaive of the Guard {elec, spectral, AC+5}
Press: ? - help, Dir - move target, f/p - naga warrior
Aim: a naga warrior, wielding a +0 halberd (heavily wounded, about 23% to evade the +8 glaive of the Guard)
You reach to attack!
You barely miss the naga warrior.
The naga warrior is heavily wounded.
Your +8 glaive of the Guard {elec, spectral, AC+5} hits the naga warrior from afar!
Your +8 glaive of the Guard {elec, spectral, AC+5} is engulfed in blazing flames.
The salamander mystic is frozen!
The wall freezes the salamander mystic.
The wall freezes the naga warrior.
The naga warrior spits poison at you. The splash of poison misses you.
Reach: q) +8 glaive of the Guard {elec, spectral, AC+5}
Press: ? - help, Dir - move target, f/p - naga warrior
Aim: a naga warrior, wielding a +0 halberd (severely wounded, catching its breath, about 23% to evade the +8 glaive of the Guard)
The salamander mystic is in the way.
You hit the salamander mystic.
The salamander mystic is lightly wounded.
Your +8 glaive of the Guard {elec, spectral, AC+5} hits the salamander mystic from afar!!
The salamander mystic is frozen!
The wall freezes the salamander mystic!
The salamander mystic hits you with a +1 dagger of holy wrath.
You are engulfed in flames!
You feel more protected from fire.
* * * LOW HITPOINT WARNING * * *
The salamander is frozen!
The wall freezes the salamander.
The salamander hits you from afar with a +0 halberd.
* * * LOW HITPOINT WARNING * * *
You are engulfed in flames!
* * * LOW HITPOINT WARNING * * *
The wall freezes the naga warrior.
The naga warrior hits you from afar with a +0 halberd.
* * * LOW HITPOINT WARNING * * *
You feel yourself speed up.
The salamander mystic is frozen!
The wall freezes the salamander mystic!
The salamander is frozen!
The wall freezes the salamander!
The salamander hits you from afar with a +0 halberd!
* * * LOW HITPOINT WARNING * * *
You are engulfed in flames!
You die...

#### .## ##..#####
...##########.§..#..##
<............§○§°...##
.............@N....##
#####†####'######☼N....#
................##N...(#
.................#.....#
................##.....#
................##N...##
.................#....#
......).........##(N...
................#.N.....


You could see a naga warrior (catching breath), a salamander mystic (strong) and
a salamander (strong).

Vanquished Creatures
  Bai Suzhen (Snake:3)
  Vashnia (Snake:3)
  Frances (Snake:2)
  2 nagarajas
  Donald (Snake:2)
  A deep elf sorcerer (Elf:1)
  Aizul (Snake:1)
  An orc warlord (Orc:1)
  The ghost of Siddir the Blocker, a journeyman MiBe of Trog (Snake:1)
  Snorg (D:13)
  A rakshasa (D:13)
  Erolcha (Orc:1)
  2 boulder beetles
  8 vault guards (D:13)
  4 hydras
  A catoblepas (Lair:2)
  2 naga warriors (Snake:1)
  A centaur warrior (D:14)
  4 ogre magi (Orc:2)
  19 two-headed ogres
  3 anacondas
  Urug (D:10)
  5 naga sharpshooters
  A deep elf knight (Elf:1)
  7 shock serpents
  A death drake (shapeshifter) (D:13)
  A sea snake (Snake:2)
  A deep elf archer (Elf:1)
  7 deep elf zephyrmancers (Elf:1)
  12 naga ritualists
  11 mana vipers
  3 orc knights
  5 deep elf pyromancers (Elf:1)
  8 salamanders
  4 cyclopes
  7 ugly things (D:14)
  4 guardian serpents
  22 black mambas
  16 naga magi
  Joseph (D:7)
  3 cane toads (Lair:1)
  2 unseen horrors (D:13)
  4 komodo dragons (Lair:1)
  6 trolls
  A troll (shapeshifter) (D:14)
  2 hornets (D:9)
  3 meliai (D:14)
  A polar bear (Lair:1)
  Grinder (D:5)
  Prince Ribbit (D:9)
  2 dream sheep (D:10)
  3 slime creatures (D:12)
  A shadow (D:11)
  A fire elemental (Elf:1)
  2 wyverns
  3 wraiths
  3 vampires
  2 basilisks
  A steam dragon (D:8)
  31 yaks
  5 vampire mosquitoes
  22 nagas
  A warg (Orc:1)
  2 acid dragons
  4 water moccasins
  14 two-headed ogre zombies (Orc:1)
  5 black bears
  A sky beast (D:6)
  21 orc warriors
  26 ogres
  6 wolves (Lair:1)
  5 centaurs
  9 kobold brigands
  4 bullfrogs
  7 gnoll sergeants
  3 scorpions
  A wyvern skeleton (D:5)
  10 killer bees
  6 wights
  3 howler monkeys (D:13)
  8 centaur zombies
  2 jellies
  3 hounds
  6 orc priests
  2 centaur skeletons (D:5)
  2 gnoll shamans
  An iron imp (D:8)
  Terence (D:2)
  An iguana (D:7)
  Natasha (thrice) (D:4)
  8 orc wizards
  A howler monkey zombie (D:9)
  15 gnolls
  6 adders
  A shadow imp (D:6)
  2 white imps (D:5)
  An ufetubus (D:5)
  A worm (D:4)
  A dart slug (D:4)
  66 orcs
  7 bats
  7 endoplasms
  3 giant cockroaches
  6 goblins
  7 hobgoblins
  4 jackals (D:3)
  A quokka (D:1)
  3 ball pythons
  4 frilled lizards
  28 kobolds
  5 rats (D:1)
608 creatures vanquished.

Vanquished Creatures (collateral kills)
  An orc knight (Bailey)
  An orc priest (Orc:1)
  An orc wizard (Orc:1)
3 creatures vanquished.

Vanquished Creatures (others)
  2 fungi
  20 plants
22 creatures vanquished.

Grand Total: 633 creatures vanquished

Notes
Turn   | Place    | Note
-------+----------+-------------------------------------------
     0 | D:1      | tevior the Merfolk Ice Elementalist began the quest for the
                  | Orb.
     0 | D:1      | Reached XP level 1. HP: 13/13 MP: 3/3
   355 | D:1      | Reached XP level 2. HP: 16/19 MP: 1/5
   496 | D:1      | Reached skill level 5 in Ice Magic
  1191 | D:1      | Reached XP level 3. HP: 24/24 MP: 6/6
  1431 | D:2      | Identified a scroll of acquirement
  1431 | D:2      | Acquired the amulet of Past Mistakes {Regen+ Int+4 Dex+2}
  1442 | D:2      | Learned a level 3 spell: Ozocubu's Armour
  1583 | D:4      | Noticed an ogre
  1586 | D:4      | Noticed Natasha
  1808 | D:2      | Found a faded altar of an unknown god.
  1903 | D:2      | Reached XP level 4. HP: 28/31 MP: 4/7
  1907 | D:2      | Learned a level 3 spell: Frozen Ramparts
  1988 | D:2      | Noticed Terence
  2061 | D:2      | Killed Terence
  2232 | D:3      | Found a radiant altar of Vehumet.
  2291 | D:3      | Found a shimmering altar of Xom.
  2309 | D:3      | Reached skill level 1 in Short Blades
  2313 | D:3      | Found an ancient bone altar of Kikubaaqudgha.
  2463 | D:3      | Reached XP level 5. HP: 36/36 MP: 5/8
  2494 | D:4      | Found the +8 glaive of the Guard {elec, spectral, AC+5}
  2538 | D:4      | Noticed a black bear
  2550 | D:3      | Killed a black bear
  2689 | D:3      | Reached XP level 6. HP: 42/42 MP: 9/9
  3098 | D:4      | Found a white marble altar of Elyvilon.
  3109 | D:4      | Found a hazy altar of Hepliaklqana.
  3109 | D:4      | Found an opulent altar of Gozag.
  3128 | D:4      | Found a stormy altar of Qazlal.
  3148 | D:4      | Reached skill level 5 in Polearms
  3148 | D:4      | Reached XP level 7. HP: 47/47 MP: 10/10
  3185 | D:4      | Learned a level 2 spell: Ensorcelled Hibernation
  3203 | D:5      | Entered Level 5 of the Dungeon
  3387 | D:4      | Identified the +3 ring mail "Oseecw" {Regen+}
  3400 | D:4      | Killed Natasha
  3493 | D:4      | Noticed Natasha
  3513 | D:4      | Killed Natasha
  3545 | D:4      | Noticed Natasha
  3549 | D:4      | Killed Natasha
  3600 | D:5      | Reached XP level 8. HP: 53/53 MP: 11/11
  3621 | D:5      | Found a shimmering blue altar of Sif Muna.
  3711 | D:4      | Became a worshipper of Qazlal Stormbringer
  4055 | D:5      | Reached skill level 10 in Polearms
  4140 | D:5      | Found a staircase to the Ecumenical Temple.
  4141 | D:5      | Noticed Grinder
  4147 | D:5      | Killed Grinder
  4148 | D:5      | Reached skill level 5 in Dodging
  4600 | D:7      | Reached XP level 9. HP: 55/58 MP: 8/12
  4667 | D:7      | Noticed alasdair19's ghost (novice MiFi)
  4668 | D:7      | Found a runed translucent gate.
  4790 | D:7      | Reached skill level 1 in Fighting
  4833 | D:7      | Reached skill level 5 in Fighting
  5060 | D:7      | Noticed Joseph
  5066 | D:7      | Killed Joseph
  5244 | D:7      | Found a runed translucent gate.
  5245 | D:7      | Found a runed translucent gate.
  5248 | D:7      | Identified the +10 quarterstaff "Bovviukepn" {vorpal, rPois
                  | rC+ Stlth-}
  5445 | D:7      | Reached skill level 5 in Invocations
  5461 | D:8      | Reached XP level 10. HP: 74/74 MP: 8/15
  5461 | D:8      | Reached * piety under Qazlal
  5788 | D:9      | Noticed Prince Ribbit
  5792 | D:9      | Killed Prince Ribbit
  5906 | D:10     | Entered Level 10 of the Dungeon
  5925 | D:9      | Reached ** piety under Qazlal
  5926 | D:9      | Reached skill level 10 in Invocations
  5956 | D:10     | Reached skill level 1 in Staves
  6048 | D:11     | Reached XP level 11. HP: 70/80 MP: 18/18
  6113 | D:10     | Reached skill level 5 in Staves
  6434 | D:10     | Found a flagged portal.
  6441 | Bailey   | Entered a bailey
  6452 | Bailey   | Reached *** piety under Qazlal
  6545 | Bailey   | Acquired the ring "Asainita" {Ice rElec rPois Int-2 Slay+5}
  6566 | Bailey   | Noticed an orc knight
  6574 | Bailey   | Killed an orc knight
  6610 | Bailey   | Noticed an orc knight
  6611 | Bailey   | Noticed an orc knight
  6623 | Bailey   | Killed an orc knight
  6624 | Bailey   | Killed an orc knight
  6722 | D:10     | Found a staircase to the Orcish Mines.
  6742 | D:10     | Reached **** piety under Qazlal
  6745 | D:10     | Reached skill level 15 in Polearms
  6758 | Orc:1    | Entered Level 1 of the Orcish Mines
  6758 | Orc:1    | Found Imosch's Distillery.
  6843 | Orc:1    | Bought a potion of heal wounds for 70 gold pieces
  6881 | Orc:1    | You fall into a shaft and drop 1 floor!
  6881 | Orc:2    | Entered Level 2 of the Orcish Mines
  7004 | Orc:1    | Reached XP level 12. HP: 89/91 MP: 15/19
  7144 | Orc:1    | Noticed Erolcha
  7147 | Orc:1    | Killed Erolcha
  7148 | Orc:1    | Reached skill level 10 in Fighting
  7256 | Orc:1    | Noticed a two-headed ogre
  7260 | Orc:1    | Noticed an orc warlord
  7261 | Orc:1    | Killed a two-headed ogre
  7270 | Orc:1    | Killed an orc warlord
  7280 | Orc:1    | Noticed a two-headed ogre
  7285 | Orc:1    | Noticed a two-headed ogre
  7288 | Orc:1    | Killed a two-headed ogre
  7289 | Orc:1    | Killed a two-headed ogre
  7569 | Orc:2    | Noticed a two-headed ogre
  7569 | Orc:2    | Noticed a two-headed ogre
  7572 | Orc:2    | Noticed a two-headed ogre
  7575 | Orc:2    | Killed a two-headed ogre
  7576 | Orc:2    | Reached skill level 10 in Ice Magic
  7576 | Orc:2    | Killed a two-headed ogre
  7579 | Orc:2    | Killed a two-headed ogre
  7579 | Orc:2    | Noticed a two-headed ogre
  7582 | Orc:2    | Killed a two-headed ogre
  7583 | Orc:2    | Reached XP level 13. HP: 109/109 MP: 17/20
  7608 | Orc:1    | Learned a level 4 spell: Hailstorm
  7613 | Orc:2    | Reached skill level 1 in Conjurations
  7652 | Orc:2    | Reached ***** piety under Qazlal
  7655 | Orc:2    | Reached skill level 5 in Conjurations
  7797 | Orc:2    | Found a staircase to the Elven Halls.
  7808 | Elf:1    | Entered Level 1 of the Elven Halls
  7852 | Elf:1    | Noticed a deep elf sorcerer
  7860 | Elf:1    | Killed a deep elf sorcerer
  7861 | Elf:1    | Reached XP level 14. HP: 70/116 MP: 14/21
  8050 | Orc:2    | Found Xiboiseo's Assorted Antiques.
  8050 | Orc:2    | Found Itypnuydo's Magic Scroll Emporium.
  8051 | Orc:2    | Found Rahaopua's Antique Armour Shoppe.
  8051 | Orc:2    | Found Tiafafia's Weapon Shop.
  8058 | Orc:2    | Bought a scroll of identify for 66 gold pieces
  8058 | Orc:2    | Bought a scroll labelled XORODGHO WOJYM for 33 gold pieces
  8062 | Orc:2    | Bought a scroll of identify for 32 gold pieces
  8062 | Orc:2    | Bought a scroll of identify for 32 gold pieces
  8062 | Orc:2    | Bought a scroll of identify for 32 gold pieces
  8618 | D:13     | Noticed Snorg
  8625 | D:13     | Killed Snorg
  9216 | D:13     | Found a gate to the Vaults.
  9232 | D:13     | Reached XP level 15. HP: 122/122 MP: 25/25
  9239 | D:13     | Learned a level 5 spell: Freezing Cloud
  9324 | D:12     | Reached skill level 1 in Air Magic
  9424 | D:12     | Found a shadowy altar of Dithmenos.
  9520 | D:11     | Reached XP level 16. HP: 116/129 MP: 26/26
 10141 | D:10     | Noticed Urug
 10159 | D:10     | Killed Urug
 10385 | D:9      | Found an iron altar of Okawaru.
 10656 | D:9      | Found a bloodstained altar of Trog.
 10660 | D:9      | Reached ****** piety under Qazlal
 11077 | D:8      | Found a snail-covered altar of Cheibriados.
 11148 | D:8      | Found a staircase to the Lair.
 11164 | Lair:1   | Entered Level 1 of the Lair of Beasts
 11262 | Lair:1   | Reached skill level 5 in Air Magic
 12268 | Lair:2   | Found a staircase to the Snake Pit.
 12306 | Snake:1  | Entered Level 1 of the Snake Pit
 12359 | Snake:1  | Reached skill level 5 in Spellcasting
 12393 | Snake:1  | Found Kejucry's Magic Scroll Shoppe.
 12591 | Snake:1  | Found a runed translucent gate.
 12591 | Snake:1  | Found a runed translucent gate.
 12591 | Snake:1  | Found a runed translucent gate.
 12591 | Snake:1  | Noticed Siddir's ghost (journeyman MiBe)
 12605 | Snake:1  | Killed Siddir's ghost
 12611 | Snake:1  | Got the Catalogue of the Mountains
 12922 | Snake:1  | Noticed Aizul
 12926 | Snake:1  | Killed Aizul
 13022 | Snake:1  | You fall into a shaft and drop 1 floor!
 13022 | Snake:2  | Noticed a nagaraja
 13028 | Snake:2  | Killed a nagaraja
 13043 | Snake:2  | Found Idwir's Mass Market.
 13540 | Snake:3  | Noticed Donald
 13550 | Snake:2  | Killed Donald
 13596 | Snake:2  | Noticed Frances
 13605 | Snake:2  | Killed Frances
 13606 | Snake:2  | Reached skill level 10 in Spellcasting
 13606 | Snake:2  | Reached XP level 17. HP: 95/135 MP: 26/31
 13638 | Snake:2  | Learned a level 9 spell: Polar Vortex
 13727 | Snake:3  | Noticed Bai Suzhen
 13756 | Snake:3  | Killed Bai Suzhen
 14074 | Snake:3  | Identified the ring "Arianosh" {rPois Str+4}
 14177 | Snake:3  | Learned a level 3 spell: Teleport Other
 14180 | Snake:3  | Noticed Vashnia
 14201 | Snake:3  | Killed Vashnia
 14816 | Snake:3  | Identified the ring "Voipsit" {Contam +Blink rC+ Str-5
                  | Slay+5}
 14833 | Snake:3  | Found the +27 Lear's hauberk
 14890 | Snake:3  | Reached skill level 15 in Ice Magic
 15033 | Snake:3  | Learned a level 4 spell: Summon Ice Beast
 15249 | Snake:4  | Entered Level 4 of the Snake Pit
 15311 | Snake:4  | HP: 5/135 [salamander (12)]
 15311 | Snake:4  | Mangled by a salamander

Illustrated notes

Levels and vault maps discovered:
D:1:      dpeg_arrival_subterranean_lakeside_camping, layout_loops_ring,
          minivault_24
D:2:      layout_loops_ring, shapermc_ecumenical_altar_mp_urbaneastern,
          uniq_terence
D:3:      layout_loops_ring, grunt_temple_overflow_open,
          mainiacjoe_overflow_24_doors, amcnicky_mini_pool_small
D:4:      layout_cave_pools, minitemple, uniq_natasha
D:5:      layout_cave_pods, kennysheep_little_box,
          minmay_temple_entry_butterflies, uniq_grinder
D:6:      layout_basic, nzn_wu_jian_contemplation, mainiacjoe_overflow_alcove_2,
          kb_rosetta
D:7:      layout_cave_pods, biasface_ghost_orc_armoury,
          minmay_misc_feat_more_columns, minmay_chambers_of_fives, uniq_joseph
D:8:      layout_rooms, chei_slow_surprise, david_lair_generic
D:9:      layout_basic, okawaru_gym_becter, trog_hazing_becter,
          ebering_dispersal_statue_hall, library_closet, uniq_prince_ribbit1
D:10:     layout_roguey, kennysheep_orc_monster_closet_entryway, enter_bailey_2,
          hangedman_ranch, uniq_urug
D:11:     layout_basic
D:12:     layout_basic, grunt_dithmenos_smoke
D:13:     layout_loops_ring, erik_vaults_2, uniq_snorg
D:14:     layout_irregular_city
Lair:1:   layout_small_grid, beast_lair_carwin_11
Lair:2:   layout_cave_pods, guppyfry_snake_entry_island
Snake:1:  layout_basic, ebering_ghost_rock_garden, serial_shops,
          nicolae_shop_stone, uniq_aizul
Snake:2:  layout_layer_cave, minmay_shop_grid_forest, serial_bayou_pond_d,
          minmay_shop_mass, drop_trap, serial_bayou_shore_a, grunt_megastairs_3,
          uniq_frances
Snake:3:  layout_layer_cave, nicolae_snake_naga_rites, uniq_bai_suzhen,
          uniq_donald, uniq_vashnia
Snake:4:  grunt_snake_rune_serpentine_throne, layout_cave_town
Orc:1:    lemuel_ogre_cave, layout_caves, serial_shops, shop_fountains,
          hellmonk_guarded_unrand_dark_maul
Orc:2:    st_orc_ogre_mass, layout_caves
Elf:1:    elf_arrival_001, layout_rooms, serial_shops, nicolae_shop_trees,
          minmay_elf_demonology, uniq_louise

Skill      XL: |  1  2  3  4  5  6  7  8  9 10 11 12 13 14 15 16 17 |
---------------+----------------------------------------------------+-----
Ice Magic      | 5 6 7 11 12 15 | 15.3
Short Blades   | 1 |  1.0
Polearms       | 2 5 8 10 15 | 15.0
Dodging        | 8 9 12 | 12.2
Fighting       | 5 7 12 | 12.9
Invocations    | 7 10 14 | 14.3
Staves         | 4 5 |  5.0
Conjurations   | 7 8 |  8.2
Air Magic      | 3 5 |  5.4
Spellcasting   | 10 | 10.1
Throwing       | |  0.4
Stealth        | |  2.1

Action                   |  1- 3 |  4- 6 |  7- 9 | 10-12 | 13-15 | 16-18 || total
-------------------------+-------+-------+-------+-------+-------+-------++-------
Melee: Short sword       |    38 |     3 |       |       |       |       ||    41
       Club              |     2 |       |       |       |       |       ||     2
       Unarmed           |     1 |       |       |       |       |       ||     1
       Glaive            |       |    25 |    57 |   242 |   170 |   263 ||   757
       Tailslap          |       |       |       |       |       |     2 ||     2
Throw: Stone             |     5 |     1 |    10 |     9 |    10 |       ||    35
 Cast: Freeze            |    48 |    22 |     1 |       |       |     1 ||    72
       Frozen Ramparts   |       |     1 |     4 |    20 |    25 |    32 ||    82
       Ozocubu's Armour  |       |       |     1 |       |       |       ||     1
       Hailstorm         |       |       |       |       |     2 |    31 ||    33
       Freezing Cloud    |       |       |       |       |       |     7 ||     7
Invok: Elemental Force   |       |       |       |     2 |       |       ||     2
  Use: Scroll            |     5 |     3 |     9 |     6 |     6 |     3 ||    32
       Potion            |       |       |       |       |     1 |     1 ||     2
 Stab: Sleeping          |     4 |     1 |     6 |       |       |       ||    11
       Distracted        |       |     1 |       |       |     1 |     2 ||     4
Armor: Robe              |    19 |    18 |    25 |    57 |    38 |    66 ||   223
Dodge: Dodged            |    53 |    38 |    34 |   171 |    95 |   185 ||   576
       Repelled          |       |       |       |       |     1 |    11 ||    12
Block: Other             |       |       |       |    25 |    37 |    83 ||   145
